 Dungeon Crawl Stone Soup version 0.28.0-43-g3370ac3207 (webtiles) character file.

Game seed: 1448273981175266339

658 themarg the Insei (level 7, -4/53 HPs)
             Began as a Gnoll Transmuter on Mar 26, 2022.
             Shot with an arrow by a centaur (7 damage)
             ... on level 5 of the Dungeon.
             The game lasted 00:21:29 (5800 turns).

themarg the Insei (Gnoll Transmuter)                Turns: 5800, Time: 00:21:29

Health: -4/53      AC:  2    Str: 10 (11) XL:     7   Next: 55%
Magic:  13/15      EV: 22    Int: 13 (16) God:
Gold:   213        SH:  0    Dex: 17 (18) Spells: 11/17 levels left

rFire   . . .      SeeInvis .     - Unarmed
rCold   . . .      Faith    .   (shield currently unavailable)
rNeg    . . .      Spirit   .   (armour currently unavailable)
rPois   x          Reflect  .   (helmet currently unavailable)
rElec   .          Harm     .   (cloak currently unavailable)
rCorr   .          Rampage  .   (gloves currently unavailable)
Will    +....                   (boots currently unavailable)
Stlth   ++........              (no amulet)
HPRegen 0.17/turn               (no ring)
MPRegen 0.14/turn               (no ring)

@: spider-form (expiring)
A: venomous fangs, tiny, (fangs 1), strong nose, distributed training,
(iridescent scales 1), clever 1, strong-willed 1, strong 1
a: End Transformation


You were on level 5 of the Dungeon.
You were a venomous arachnid creature.
You visited 1 branch of the dungeon, and saw 5 of its levels.
You also visited: Sewer.

You collected 213 gold pieces.

Inventory:

Hand Weapons
 e - a +0 short sword
 l - the +2 mace "Quypoud" (melded) {flame, Int+4}
   (You found it on level 2 of the Dungeon)

   It burns those it strikes, dealing additional fire damage.
   Int:       It affects your intelligence (+4).
Missiles
 t - 6 poisoned darts
Armour
 a - a +0 robe
 f - a +0 chain mail
 u - a +0 leather armour of fire resistance (melded)
Jewellery
 i - a ring of protection from cold
Wands
 w - a wand of flame (14)
 x - a wand of polymorph (5)
Scrolls
 c - 2 scrolls of teleportation
 g - a scroll of vulnerability
 j - a scroll of fear {unknown}
 m - a scroll of summoning {unknown}
 p - a scroll of enchant armour {unknown}
 r - a scroll of identify {unknown}
 s - a scroll of enchant weapon {unknown}
 v - a scroll of torment {unknown}
Potions
 b - a potion of flight {unknown}
 d - 2 potions of mutation
 h - 4 potions of degeneration
 k - a potion of brilliance {unknown}
 n - a potion of haste {unknown}
 o - a potion of cancellation {unknown}
 q - a potion of might {unknown}


   Skills:
 + Level 3.7 Fighting
 + Level 2.5 Short Blades
 + Level 2.5 Long Blades
 + Level 2.5 Axes
 + Level 2.5 Maces & Flails
 + Level 2.5 Polearms
 + Level 2.5 Staves
 + Level 2.5 Slings
 + Level 2.5 Bows
 + Level 2.5 Crossbows
 + Level 2.5 Throwing
 + Level 2.5 Armour
 + Level 5.3 Dodging
 + Level 2.5 Stealth
 + Level 2.5 Shields
 + Level 7.1 Unarmed Combat
 + Level 5.6 Spellcasting
 + Level 2.1 Conjurations
 + Level 2.1 Hexes
 + Level 2.1 Summonings
 + Level 2.1 Necromancy
 + Level 2.1 Translocations
 + Level 4.3 Transmutations
 + Level 2.1 Fire Magic
 + Level 2.1 Ice Magic
 + Level 2.1 Air Magic
 + Level 2.1 Earth Magic
 + Level 2.1 Poison Magic
 + Level 2.8 Invocations
 + Level 2.5 Evocations


You had 11 spell levels left.
You knew the following spells:

 Your Spells              Type           Power      Damage    Failure   Level
a - Beastly Appendage     Tmut           30%        N/A       11%         1
b - Wereblood             Tmut           15%        N/A       13%         2
c - Spider Form           Tmut/Pois      12%        N/A       32%         3

Your spell library contained the following spells:

 Spells                   Type           Power      Damage    Failure   Level
 Summon Small Mammal      Summ           36%        N/A       21%         1
 Sublimation of Blood     Necr           9%         N/A       26%         2
 Call Canine Familiar     Summ           9%         N/A       43%         3
 Summon Guardian Golem    Hex/Summ       9%         N/A       43%         3
 Ice Form                 Ice/Tmut       12%        N/A       65%         4
 Petrify                  Tmut/Erth      12%        N/A       65%         4
 Irradiate                Conj/Tmut      6%         3d15      91%         5


Dungeon Overview and Level Annotations

Branches:
Dungeon (5/15)              Sewer (visited)
 Temple: D:4-7

Altars:


Innate Abilities, Weirdness & Mutations

You are a venomous arachnid creature.
You have poisonous fangs.
You are tiny and dextrous.
Your spellcasting is less reliable in this form.
Your armour is entirely melded.
You are incapable of wielding weapons or throwing items.
((You have very sharp teeth.))
Your uncanny sense of smell can sniff out nearby items.
Your experience applies equally to all skills.
((You are partially covered in iridescent scales. (AC +2)))
Your mind is acute. (Int +2)
You are strong-willed. (Will+)
Your muscles are strong. (Str +2)


Message History

Okay, then.
Aiming: Polymorph
Press: ? - help, Shift-Dir - straight line, f - centaur
Aim: a centaur, wielding a +0 shortbow and quivering arrows (will become a swamp drake, a worm, or a wolf, chance to affect: 55%)
Okay, then.
Casting: Spider Form (dangerous; 14% risk of failure)
Confirm with . or Enter, or press ? or * to list all spells.
You turn into a venomous arachnid creature.
The +2 mace "Quypoud" {flame, Int+4} melds into your body.
Your +0 leather armour of fire resistance melds into your body.
The +2 mace "Quypoud" {flame, Int+4} stops flaming.
You feel less resistant to fire.
The centaur shoots an arrow.
The arrow barely misses you.
The centaur shoots an arrow.
The arrow hits you.
The centaur shoots an arrow.
The arrow hits you!
The centaur shoots an arrow.
The arrow closely misses you.
The centaur shoots an arrow.
The arrow completely misses you.
The centaur shoots an arrow.
The arrow hits you!
* * * LOW HITPOINT WARNING * * *
The centaur shoots an arrow.
The arrow hits you!
* * * LOW HITPOINT WARNING * * *
The adder misses you.
You hit the adder but do no damage. The adder completely misses you.
You bite the adder!
The adder is poisoned.
The adder is severely wounded.
The adder closely misses you.
Your transformation is almost over.
You kill the adder!
It was a potion of degeneration.
There was something very wrong with that liquid.
You feel weakened.
You feel dopey.
You feel clumsy.
The centaur shoots an arrow.
The arrow hits you.
* * * LOW HITPOINT WARNING * * *
Unknown command.
There are no items here.
It was a potion of mutation.
You feel extremely strange.
Iridescent scales grow over part of your body.
You feel strong-willed.
You feel stronger.
You feel clever.
The centaur shoots an arrow.
The arrow hits you!
You die...

#.. ........W(. #..
#..c........ #..
#..........
###.##..........
∆#...............
#.(............
#........).?..
.#....?..c.#########
#...^.......†.s.....# .
(##.........#######....
....#...........# ##...
.#..........##.####...#
...........##......#
#..(.......####..###
∆##......#.###....#
#............#.## .#
#.........#....# ##.#


You could see a centaur.

Vanquished Creatures
  Pargi (Sewer)
  A phantom (D:5)
  A jelly (D:4)
  2 orc priests
  Ijyb (D:5)
  Crazy Yiuf (D:2)
  An iguana (D:3)
  Natasha (thrice) (D:2)
  3 orc wizards
  2 river rats (D:3)
  5 adders
  An adder skeleton (D:3)
  2 dart slugs (D:1)
  4 orcs
  6 bats
  9 endoplasms
  5 giant cockroaches
  6 goblins
  11 hobgoblins
  4 jackals (D:3)
  3 quokkas
  12 ball pythons
  6 frilled lizards
  10 kobolds
  A quokka skeleton (D:4)
  12 rats
113 creatures vanquished.

Notes
Turn   | Place    | Note
-------+----------+-------------------------------------------
     0 | D:1      | themarg the Gnoll Transmuter began the quest for the Orb.
     0 | D:1      | Reached XP level 1. HP: 17/17 MP: 6/6
   154 | D:1      | Reached XP level 2. HP: 18/23 MP: 5/7
   223 | D:1      | Learned a level 2 spell: Wereblood
   706 | D:1      | Reached XP level 3. HP: 28/28 MP: 7/9
   746 | D:1      | Reached skill level 5 in Spellcasting
   814 | D:1      | Learned a level 3 spell: Spider Form
  1213 | D:1      | Reached skill level 1 in Invocations
  1396 | D:2      | Reached skill level 1 in Short Blades
  1396 | D:2      | Reached skill level 1 in Long Blades
  1396 | D:2      | Reached skill level 1 in Axes
  1396 | D:2      | Reached skill level 1 in Maces & Flails
  1396 | D:2      | Reached skill level 1 in Polearms
  1396 | D:2      | Reached skill level 1 in Staves
  1396 | D:2      | Reached skill level 1 in Slings
  1396 | D:2      | Reached skill level 1 in Bows
  1396 | D:2      | Reached skill level 1 in Crossbows
  1396 | D:2      | Reached skill level 1 in Throwing
  1396 | D:2      | Reached skill level 1 in Armour
  1396 | D:2      | Reached skill level 1 in Stealth
  1396 | D:2      | Reached skill level 1 in Shields
  1396 | D:2      | Reached skill level 1 in Evocations
  1668 | D:2      | Reached XP level 4. HP: 29/34 MP: 9/11
  1718 | D:2      | Noticed Natasha
  1730 | D:2      | Killed Natasha
  1933 | D:2      | Noticed Natasha
  1956 | D:2      | Killed Natasha
  1957 | D:2      | Reached skill level 1 in Conjurations
  1957 | D:2      | Reached skill level 1 in Hexes
  1957 | D:2      | Reached skill level 1 in Summonings
  1957 | D:2      | Reached skill level 1 in Necromancy
  1957 | D:2      | Reached skill level 1 in Translocations
  1957 | D:2      | Reached skill level 1 in Fire Magic
  1957 | D:2      | Reached skill level 1 in Ice Magic
  1957 | D:2      | Reached skill level 1 in Air Magic
  1957 | D:2      | Reached skill level 1 in Earth Magic
  1957 | D:2      | Reached skill level 1 in Poison Magic
  2101 | D:2      | Found a runed translucent door.
  2102 | D:2      | Noticed Crazy Yiuf
  2110 | D:2      | Killed Crazy Yiuf
  2111 | D:2      | Reached XP level 5. HP: 21/40 MP: 8/12
  2115 | D:2      | Identified the +2 mace "Quypoud" {flame, Int+4}
  2286 | D:2      | Noticed Natasha
  2295 | D:2      | Killed Natasha
  2349 | D:3      | Found a faded altar of an unknown god.
  2531 | D:3      | Found a glowing drain.
  2706 | Sewer    | Entered a sewer
  2772 | Sewer    | Noticed Pargi
  2786 | Sewer    | Killed Pargi
  2787 | Sewer    | Reached skill level 5 in Dodging
  2787 | Sewer    | Reached XP level 6. HP: 17/47 MP: 8/14
  4414 | D:4      | Reached XP level 7. HP: 48/52 MP: 11/15
  5328 | D:5      | Entered Level 5 of the Dungeon
  5408 | D:5      | Noticed Ijyb
  5428 | D:5      | Killed Ijyb
  5429 | D:5      | Reached skill level 7 in Unarmed Combat
  5800 | D:5      | Gained mutation: You are partially covered in iridescent
                  | scales. (AC +2) [potion of mutation]
  5800 | D:5      | Gained mutation: You are strong-willed. (Will+) [potion of
                  | mutation]
  5800 | D:5      | Gained mutation: Your muscles are strong. (Str +2) [potion
                  | of mutation]
  5800 | D:5      | Gained mutation: Your mind is acute. (Int +2) [potion of
                  | mutation]
  5800 | D:5      | Shot with an arrow by a centaur

Illustrated notes

Levels and vault maps discovered:
D:1:      evilmike_arrival_come_back, layout_loops_cross, grunt_decor_fettered,
          minmay_misc_feat_rugged, minmay_distorted
D:2:      layout_rooms, uniq_natasha, uniq_crazy_yiuf_cottage
D:3:      minmay_chambers_of_twos, layout_basic,
          hellmonk_ecumenical_altar_dog_temple, portal_sewer_entry_e
D:4:      layout_layer_cave
D:5:      cheibrodos_iron_armory, layout_rooms, kennysheep_generic_room_3,
          uniq_edmund, uniq_ijyb

Skill      XL: |  1  2  3  4  5  6  7 |
---------------+----------------------+-----
Spellcasting   | 5 |  5.6
Invocations    | 1 2 |  2.8
Short Blades   | 1 2 |  2.5
Long Blades    | 1 2 |  2.5
Axes           | 1 2 |  2.5
Maces & Flails | 1 2 |  2.5
Polearms       | 1 2 |  2.5
Staves         | 1 2 |  2.5
Slings         | 1 2 |  2.5
Bows           | 1 2 |  2.5
Crossbows      | 1 2 |  2.5
Throwing       | 1 2 |  2.5
Armour         | 1 2 |  2.5
Stealth        | 1 2 |  2.5
Shields        | 1 2 |  2.5
Evocations     | 1 2 |  2.5
Conjurations   | 1 2 |  2.1
Hexes          | 1 2 |  2.1
Summonings     | 1 2 |  2.1
Necromancy     | 1 2 |  2.1
Translocations | 1 2 |  2.1
Fire Magic     | 1 2 |  2.1
Ice Magic      | 1 2 |  2.1
Air Magic      | 1 2 |  2.1
Earth Magic    | 1 2 |  2.1
Poison Magic   | 1 2 |  2.1
Fighting       | 3 |  3.7
Transmutations | 4 |  4.3
Dodging        | 5 |  5.3
Unarmed Combat | 7 |  7.1

Action                   |  1- 3 |  4- 6 |  7- 9 || total
-------------------------+-------+-------+-------++-------
Melee: Unarmed           |    16 |   117 |    44 ||   177
       Kick              |    26 |     3 |     4 ||    33
       Bite              |     7 |     1 |     3 ||    11
       Punch             |     3 |     2 |     4 ||     9
       Short sword       |    87 |    23 |       ||   110
       Headbutt          |    12 |     4 |     5 ||    21
       Mace              |       |     9 |    16 ||    25
 Cast: Beastly Appendage |    22 |     7 |     1 ||    30
       Spider Form       |       |    26 |     7 ||    33
       Wereblood         |       |     1 |       ||     1
  Use: Scroll            |       |     2 |       ||     2
       Potion            |       |       |     2 ||     2
 Stab: Sleeping          |     1 |     5 |     1 ||     7
Armor: Robe              |    20 |     4 |       ||    24
       Skin              |       |     9 |     2 ||    11
       Leather armour    |       |       |     1 ||     1
Dodge: Dodged            |    78 |   140 |    36 ||   254
